 Dungeon Crawl Stone Soup version 0.7.1-24-ga64cc90 character file.

12726 soul the Conjurer (level 11, 74/74 HPs)
             Began as a Demigod Wizard on Oct 17, 2010.
             Quit the game on Level 1 of the Lair of Beasts.
             The game lasted 01:01:08 (22184 turns).

soul the Conjurer (Demigod Wizard)                 Turns: 22184, Time: 01:01:08

HP  74/74        AC  7     Str 15 Exp: 11/17326 (0), need: 7393
MP  28/28        EV 15     Int 24      God:
Gold 598         SH  0     Dex 15      Spells:  9 memorised,  2 levels left

Res.Fire  : . . .   See Invis. : .   O - +1,+3 double sword (curse)
Res.Cold  : . . .   Warding    : .   E - +0 elf robe
Life Prot.: . . .   Conserve   : .   (no shield)
Res.Poison: .       Res.Corr.  : .   b - +0 wizard hat (curse)
Res.Elec. : .       Clarity    : .   N - +1 cloak Spirit.Shd: . Stasis : .
                                     h - +2 pair of orc gauntlets
Sust.Abil.: . .     Rnd.Telep. : .   (no boots)
Res.Mut.  : .       Ctrl.Telep.: +   (no amulet)
Res.Rott. : .       Levitation : .   i - ring of protection from magic
Saprovore : . . .   Ctrl.Flight: .   k - ring of teleport control

@: quite resistant to hostile enchantments, stealthy
A: no striking features
a: no special abilities


You were on level 1 of the Lair of Beasts.
You were not hungry.

You visited 3 branches of the dungeon, and saw 14 of its levels.
You visited 1 Labyrinth.
You visited 1 portal chamber: sewer.

You collected 578 gold pieces.

Inventory:

Hand weapons
 O - a cursed +1,+3 double sword (weapon)
Armour
 b - a cursed +0 wizard hat (worn)
 h - a +2 pair of orcish gauntlets (worn)
 E - a +0 elven robe (worn)
 N - a +1 cloak (worn)
Magical devices
 e - a wand of frost (12)
 t - a wand of teleportation (5)
 H - a wand of digging (6)
 L - a wand of polymorph other (4)
 V - a wand of frost (15)
Comestibles
 d - 2 bread rations
 p - a chunk of giant frog flesh
 u - 13 sultanas
 x - 4 meat rations
 W - a pear
 X - a sausage
Scrolls
 n - 4 scrolls of teleportation
 s - 4 scrolls of remove curse
 w - 3 scrolls of fog
 Q - 3 scrolls of fear {unknown}
 T - a scroll of vulnerability
Jewellery
 c - an uncursed ring of teleportation
 i - a ring of protection from magic (right hand)
 k - a ring of teleport control (left hand)
 o - an uncursed ring of protection from fire
Potions
 j - a potion of levitation
 m - 5 potions of healing
 q - 2 potions of heal wounds
 M - a potion of might {unknown} You had 0 experience left.


   Skills:
 + Level 2 Fighting
 + Level 5 Long Blades
 + Level 6 Dodging
 - Level 4 Stealth
 + Level 1 Stabbing
 + Level 7 Spellcasting
 + Level 11 Conjurations
 + Level 3 Translocations
 + Level 10 Ice Magic
 + Level 2 Evocations


You had 2 spell levels left.
You knew the following spells:

 Your Spells              Type           Power        Success   Level
a - Magic Dart            Conj           #####        Excellent   1
b - Mephitic Cloud        Pois/Air/Conj  ####......   Great       3
c - Blink                 Tloc           N/A          Excellent   2
d - Throw Frost           Ice/Conj       #######      Excellent   2
e - Sticks to Snakes Summ/Trmt ##........     Very         Good        2
f - Slow                  Ench           ##.......    Good        3
g - Sticky Flame Fire/Conj #####....      Very         Good        4
h - Conjure Flame         Fire/Conj      #####....    Excellent   3
i - Tukima's Vorpal Blad Ench ##........     Very         Good        2

Dungeon Overview and Level Annotations

Branches:
Dungeon (12/27)            Temple (1/1) D:5             Orc (0/4) D:8
   Lair (1/8) D:12
   Hive: D:11-16

Shops:
D:11: *


Message History

Unknown command.
Are you sure you want to quit? (Confirm with "yes".)
Okay, then.
Unknown command.
Welcome back, soul the Demigod Wizard.
Press ? for a list of commands and other information.
Are you sure you want to quit? (Confirm with "yes".)

#.###.##############P#f###
#.# ### ##### #.# #.# #.#
#.## ##..# ###
##..#######.#############
...........@............####
............................
....>..................P####
........................#
##....#.................#
#....#.................####
#....####.#..#..........##.
#....## ###.(#............%
##.....#####..#.........##.f


There were no monsters in sight!

Vanquished Creatures
  A minotaur (Lab)
  A centaur warrior (D:12)
  2 hill giants (D:12)
  The ghost of soul the Conjurer, an experienced DGWz (Port)
  A wolf spider zombie (D:10)
  Maurice (D:8)
  A wolf spider (D:11)
  A spiny frog (Lair:1)
  An ettin (D:10)
  A two-headed ogre (D:11)
  A troll (D:12)
  5 giant toads
  2 wraiths
  4 blink frogs (Lair:1)
  A vampire (D:12)
  Edmund (D:7)
  A blink frog skeleton (D:10)
  3 hippogriffs
  3 hungry ghosts
  Grum (D:8)
  3 war dogs (D:8)
  3 manticores
  3 orc warriors
  8 centaurs
  4 ice beasts
  3 ogres
  2 crocodiles
  2 gila monsters (Lair:1)
  5 giant frogs
  8 killer bees
  3 wights
  A giant beetle (D:6)
  9 orc priests
  A quasit (D:10)
  Dowan (D:4)
  10 imps
  A hound zombie (D:10)
  9 hounds
  A hound skeleton (D:11)
  5 iguanas
  2 giant ant zombies
  8 giant ants
  6 scorpions
  An orange rat (D:10)
  12 orc wizards
  4 jellies
  A mummy (D:11)
  12 gnolls
  A green rat (D:4)
  9 snakes
  A giant centipede (D:11)
  An iguana skeleton (D:10)
  2 snake zombies
  A giant mite (D:8)
  2 giant mosquitos (Port)
  6 worms
  9 grey rats
  A giant bat zombie (D:12)
  2 giant eyeballs
  3 giant geckos
  2 oozes (D:7)
  25 giant bats
  8 giant cockroaches
  18 hobgoblins
  8 jackals
  17 kobolds
  56 orcs
  4 small snakes
  A giant gecko skeleton (D:5)
  9 giant newts
  A giant spore (D:7)
  26 goblins
  A hobgoblin skeleton (D:4)
  An orc skeleton (D:6)
  2 orc zombies
  A quokka skeleton (D:4)
  13 rats
  2 ballistomycetes (D:7)
  4 toadstools
398 creatures vanquished.

Vanquished Creatures (collateral kills)
  A jelly (D:9)
1 creature vanquished.

Vanquished Creatures (others)
  A giant centipede (Lair:1)
  A grey rat (Lair:1)
  3 orcs
  A giant newt (D:4)
  A giant spore (D:10)
  3 rats
  A small snake (D:7)
  A ballistomycete (D:10)
  33 toadstools
45 creatures vanquished.

Grand Total: 444 creatures vanquished

Notes
Turn   | Place    | Note
--------------------------------------------------------------
     0 | D:1      | soul, the Demigod Wizard, began the quest for the Orb.
     0 | D:1      | Reached XP level 1. HP: 10/10 MP: 6/6
     1 | D:1      | Reached skill 1 in Conjurations
   504 | D:1      | Reached XP level 2. HP: 16/16 MP: 4/9
   633 | D:1      | Reached skill 3 in Conjurations
  1603 | D:2      | Reached XP level 3. HP: 22/22 MP: 7/10
  2339 | D:3      | Reached skill 4 in Conjurations
  2430 | D:3      | Found a white marble altar of Elyvilon.
  2450 | D:3      | Learned a level 3 spell: Mephitic Cloud
  2453 | D:3      | Learned a level 2 spell: Blink
  2598 | D:3      | Learned a level 2 spell: Throw Frost
  2829 | D:4      | Reached skill 1 in Ice Magic
  2933 | D:4      | Reached XP level 4. HP: 28/28 MP: 12/14
  3338 | D:4      | Found a glowing drain. 3381
                  | sewer
                  | Entered the sewers 3393
                  | sewer
                  | Reached XP level 5. HP: 10/34 MP: 2/16 3622
                  | sewer
                  | Noticed soul's ghost 3634
                  | sewer
                  | Reached skill 5 in Conjurations 3692
                  | sewer
                  | Learned a level 2 spell: Sticks to Snakes 3701
                  | sewer
                  | Defeated soul's ghost 3701
                  | sewer
                  | Reached XP level 6. HP: 28/40 MP: 14/18 3701
                  | sewer
                  | Reached XP level 7. HP: 32/46 MP: 15/19
  4182 | D:4      | Reached skill 6 in Conjurations
  4290 | D:4      | Reached skill 1 in Translocations
  4836 | D:4      | Reached skill 7 in Conjurations
  4940 | D:4      | Reached skill 5 in Ice Magic
  5090 | D:4      | Found an ancient bone altar of Kikubaaqudgha.
  5395 | D:4      | Noticed Duvessa
  5421 | D:4      | Noticed Dowan
  5501 | D:4      | Defeated Dowan
  5886 | D:5      | Entered Level 5 of the Dungeon
  6063 | D:5      | Found a staircase to the Ecumenical Temple.
  6350 | D:5      | Found a burning altar of Makhleb.
  6743 | D:5      | Learned a level 3 spell: Slow
  6766 | D:5      | Reached XP level 8. HP: 52/52 MP: 5/22
  6965 | D:5      | Found a glowing golden altar of the Shining One.
  7267 | D:5      | Reached skill 8 in Conjurations
  7639 | Temple   | Entered the Ecumenical Temple
  9503 | D:7      | Found a basalt altar of Yredelemnul.
  9539 | D:7      | Noticed Edmund
  9589 | D:7      | Defeated Edmund
  9655 | D:7      | Reached XP level 9. HP: 58/58 MP: 14/23
  9734 | D:7      | Reached skill 1 in Long Blades
  9766 | D:7      | Reached skill 5 in Spellcasting
  9920 | D:7      | Reached skill 9 in Conjurations
 10767 | D:8      | Found a staircase to the Orcish Mines.
 11148 | D:8      | Noticed Maurice
 11149 | D:8      | Noticed Grum
 11179 | D:8      | Defeated Maurice
 11978 | D:8      | Reached skill 1 in Fighting
 12043 | D:8      | Defeated Grum
 12201 | D:8      | Reached XP level 10. HP: 35/66 MP: 14/25
 13461 | D:9      | Reached XP level 9. HP: 61/61 MP: 7/24
 13464 | D:9      | Reached XP level 10. HP: 34/66 MP: 8/25
 13781 | D:9      | Reached skill 10 in Conjurations
 13952 | D:10     | Entered Level 10 of the Dungeon
 14400 | D:8      | Found a staircase to the Orcish Mines.
 16021 | D:10     | You fall through a shaft!
 16333 | D:11     | Found Apeugg's General Store.
 16807 | D:11     | Reached skill 1 in Stabbing
 17509 | D:10     | Learned a level 4 spell: Sticky Flame
 17513 | D:10     | Learned a level 3 spell: Conjure Flame
 17677 | D:10     | Reached skill 1 in Evocations
 18225 | D:10     | Reached skill 5 in Dodging
 18662 | D:12     | Found a labyrinth entrance.
 18675 | Lab      | Entered a Labyrinth
 19302 | Lab      | Got a bloodstained battleaxe
 19302 | Lab      | Got a shimmering ring mail
 19318 | Lab      | Identified the battleaxe "Ofuj" {flame, *Rage rF+} (You found it in a Labyrinth)
 19328 | Lab      | Reached skill 11 in Conjurations
 19503 | D:12     | Found a staircase to the Lair.
 19653 | D:12     | Reached XP level 11. HP: 55/74 MP: 13/27
 19845 | D:12     | Reached skill 10 in Ice Magic
 20068 | D:12     | Got a faintly glowing chain mail
 20080 | D:12     | Identified the +0 chain mail of Cowardice (You found it on level 12 of the Dungeon)
 20252 | D:12     | Reached skill 5 in Long Blades
 20878 | Lair:1   | Entered Level 1 of the Lair of Beasts
 22141 | Lair:1   | Learned a level 2 spell: Tukima's Vorpal Blade
 22184 | Lair:1   | Quit the game
